 Dungeon Crawl Stone Soup version 0.28-a0-1117-g0bdd5ba030 (webtiles) character file.

Game seed: 11522205757651790314

56 SensoryNuts the Slasher (level 3, -3/27 HPs)
             Began as a Demonspawn Gladiator on Dec 11, 2021.
             Was a Follower of Sif Muna.
             Slain by a worm (5 damage)
             ... on level 3 of the Dungeon.
             The game lasted 00:01:35 (2004 turns).

SensoryNuts the Slasher (Demonspawn Gladiator)      Turns: 2004, Time: 00:01:36

Health: -3/27      AC:  6    Str: 16    XL:     3   Next: 71%
Magic:  3/3        EV: 12    Int:  9    God:    Sif Muna [*.....]
Gold:   58         SH:  0    Dex: 14    Spells: 2/2 levels left

rFire   . . .      SeeInvis .   a - +0 long sword
rCold   . . .      Faith    .   (no shield)
rNeg    . . .      Spirit   .   b - +0 leather armour
rPois   .          Reflect  .   c - +0 helmet
rElec   .          Harm     .   (no cloak)
rCorr   .          Rampage  .   (no gloves)
Will    .....                   (no boots)
Stlth   +.........              (no amulet)
HPRegen 0.09/turn               (no ring)
MPRegen 0.08/turn               (no ring)

@: no status effects
A: molten scales 1
a: Renounce Religion, Channel Magic


You were on level 3 of the Dungeon.
You worshipped Sif Muna.
Sif Muna was aware of your devotion.
You visited 1 branch of the dungeon, and saw 3 of its levels.

You collected 58 gold pieces.

Inventory:

Hand Weapons
 a - a +0 long sword (weapon)
Missiles
 d - 3 throwing nets (quivered)
Armour
 b - a +0 leather armour (worn)
 c - a +0 helmet (worn)
Scrolls
 h - a scroll of blinking {unknown}
 i - a scroll of fear {unknown}
Potions
 e - 3 potions of curing {unknown}
 f - a potion of resistance {unknown}
 g - a potion of attraction {unknown}


   Skills:
 + Level 2.3 Fighting
 + Level 3.6 Long Blades
 + Level 2.0 Throwing
 + Level 0.5 Armour
 + Level 3.0 Dodging
 + Level 0.2 Stealth


You had 2 spell levels left.
You didn't know any spells.
Your spell library was empty.

Dungeon Overview and Level Annotations

Branches:
Dungeon (3/15)

Altars:
Sif Muna

Shops:
D:2 ?


Innate Abilities, Weirdness & Mutations

You are partially covered in molten scales. (AC +2)


Message History

You hit the worm.
The worm is moderately wounded.
The worm closely misses you.
You hit the worm but do no damage.
The worm is lightly wounded.
The worm bites you.
You barely miss the worm.
The worm is lightly wounded.
You slash the worm!
The worm is heavily wounded.
The worm bites you!
A worm is nearby!
A worm is nearby!
A worm is nearby!
You barely miss the worm.
The worm is heavily wounded.
The worm bites you.
You are too injured to fight recklessly!
You are too injured to fight recklessly!
You are too injured to fight recklessly!
You are too injured to fight recklessly!
You are too injured to fight recklessly!
You are too injured to fight recklessly!
You hit the worm but do no damage.
The worm is heavily wounded.
The worm bites you!
* * * LOW HITPOINT WARNING * * *
You hit the worm but do no damage.
The worm is heavily wounded.
You barely miss the worm.
The worm is heavily wounded.
The worm bites you.
* * * LOW HITPOINT WARNING * * *
You hit the worm.
The worm is heavily wounded.
The worm barely misses you.
You barely miss the worm.
The worm is heavily wounded.
The worm bites you.
You die...

# ######### #
#.. .......# ..
+....##w.#...
..# .##...@.#.#
...#
#.....##)†.#..#
.......†......#
###.####..#.#.##
.. #.......# ##
#$#####.#
#.#..<# #
#######.#.###
........#.#


You could see a worm.

Vanquished Creatures
  An adder (D:3)
  A dart slug (D:1)
  5 endoplasms
  2 giant cockroaches (D:1)
  6 goblins
  4 hobgoblins
  2 jackals (D:1)
  6 kobolds
  A quokka (D:1)
  4 bats
  6 frilled lizards
  4 rats
42 creatures vanquished.

Vanquished Creatures (others)
  14 plants (D:1)
14 creatures vanquished.

Grand Total: 56 creatures vanquished

Notes
Turn   | Place    | Note
-------+----------+-------------------------------------------
     0 | D:1      | SensoryNuts the Demonspawn Gladiator began the quest for
                  | the Orb.
     0 | D:1      | Reached XP level 1. HP: 16/16 MP: 1/1
   227 | D:1      | Gained mutation: You are partially covered in molten
                  | scales. (AC +2) [demonic ancestry]
   227 | D:1      | Reached XP level 2. HP: 20/22 MP: 2/2
   652 | D:1      | Found a faded altar of an unknown god.
   666 | D:1      | Prayed at the altar of an unknown god.
   666 | D:1      | Became a worshipper of Sif Muna the Loreminder
   666 | D:1      | Reached * piety under Sif Muna
   930 | D:2      | Reached XP level 3. HP: 27/27 MP: 3/3
  1519 | D:2      | Found Udaekk's Magic Scroll Emporium.
  2004 | D:3      | Slain by a worm

Illustrated notes

Levels and vault maps discovered:
D:1:      dpeg_arrival_rooms_c, layout_basic,
          dilly_ecumenical_altar_fadedgnrine, serial_bayou_crossing
D:2:      layout_basic, serial_shops, shop, dk_noncrumbling_2
D:3:      minmay_thinvault, layout_basic, mainiacjoe_overflow_six_doors_small,
          kennysheep_generic_room_10

Skill      XL: |  1  2  3 |
---------------+----------+-----
Throwing       | 2 |  2.0
Long Blades    | 3 |  3.6
Dodging        | 3 |  3.0
Fighting       | |  2.3
Armour         | |  0.5
Stealth        | |  0.2

Action                   || total
-------------------------++-------
Melee: Long sword        ||   121
 Stab: Sleeping          ||     2
Armor: Leather armour    ||    32
Dodge: Dodged            ||    71

Table legend: (Time is in decaauts)
 A = Elapsed time spent in this place.
 B = Non-inter-level travel time spent in this place.
 C = Inter-level travel time spent in this place.
 D = Time resting spent in this place.
 E = Time spent auto-exploring this place.
 F = Levels seen in this place.
 G = Mean time per level.
                   A        B        C        D        E       F      G
               +--------+--------+--------+--------+--------+-----+--------+
         Total |   2051 |   2051 |      0 |      0 |   1665 |   3 |  683.7 |
       Dungeon |   2051 |   2051 |      0 |      0 |   1665 |   3 |  683.7 |
               +--------+--------+--------+--------+--------+-----+--------+

Top non-repeatable levels by time:
     D:2: 1022 daAuts
     D:1: 941 daAuts
     D:3: 87 daAuts
